 Dungeon Crawl Stone Soup version 0.16-a0-3724-gf14d081 (webtiles) character file.

49 vatarom the Conjurer (level 3, 0/26 HPs)
             Began as a Draconian Conjurer on Jan 21, 2015.
             Slain by a goblin
             ... wielding a +0 dagger
             ... led by Robin
              (3 damage)
             ... on level 2 of the Dungeon.
             The game lasted 00:05:54 (1685 turns).

vatarom the Conjurer (Draconian Conjurer)           Turns: 1685, Time: 00:05:54

Health: 0/26       AC:  5    Str: 10    XL:     3   Next: 51%
Magic:  5/8        EV: 12    Int: 16    God:
Gold:   55         SH:  0    Dex: 11    Spells: 3 memorised, 3 levels left

rFire  . . .     SeeInvis .     f - +0 whip
rCold  . . .     Clarity  .     (armour unavailable)
rNeg   . . .     SustAb   .     (no shield)
rPois  .         Gourm    .     (helmet restricted)
rElec  .         Spirit   .     (no cloak)
rCorr  .         Warding  .     (no gloves)
rMut   .         Stasis   .     (no boots)
MR     .....                    (no amulet)
Stlth  ++........               (no ring)
                                (no ring)

@: not resistant to hostile enchantments, unstealthy
A: unfitting armour, cold-blooded, AC +5
a: no special abilities


You were on level 2 of the Dungeon.
You were not hungry.

You visited 1 branch of the dungeon, and saw 2 of its levels.

You collected 55 gold pieces.

Inventory:

Hand weapons
 a - a +0 dagger
 f - a +0 whip (weapon)
Scrolls
 e - a scroll of identify
Potions
 d - a potion of haste
Books
 c - a book of Conjurations

   Spells                             Type                      Level
   a - Magic Dart                     Conjuration                  1
   b - Searing Ray                    Conjuration                  2
   c - Dazzling Spray                 Conjuration/Hexes            3
   d - Fulminant Prism                Conjuration/Hexes            4
   e - Iskenderun's Mystic Blast      Conjuration                  4
   f - Iskenderun's Battlesphere      Conjuration/Charms           5
Comestibles
 b - a meat ration


   Skills:
 - Level 1.7 Dodging
 - Level 1.7 Stealth
 + Level 3.7 Spellcasting
 - Level 4.0 Conjurations


You had 3 spell levels left.
You knew the following spells:

 Your Spells              Type           Power        Failure   Level  Hunger
a - Magic Dart            Conj           ###.         4%          1    None
b - Searing Ray           Conj           ###...       8%          2    ##.....
c - Dazzling Spray        Conj/Hex       #.......     28%         3    ###....


Dungeon Overview and Level Annotations

Branches:
Dungeon (2/15)

Altars:

Annotations:
D:2 Robin


Innate Abilities, Weirdness & Mutations

Your plain brown scales are hard (AC +5).
Your body does not fit into most forms of armour.
Your cold-blooded metabolism reacts poorly to cold.


Message History

* * * LOW HITPOINT WARNING * * *
The goblin barely misses you. The goblin hits you but does no damage.
The goblin hits you but does no damage.
You hit the goblin.
The goblin is severely wounded.
The bat hits you but does no damage.
Robin's horned helmet rattles.
The hobgoblin hits you with a club.
* * * LOW HITPOINT WARNING * * *
The goblin hits you but does no damage. The bat hits you but does no damage.
The goblin misses you. The goblin closely misses you.
A goblin comes into view. It is wielding a club.
You hit the goblin.
You kill the goblin!
The bat hits you but does no damage. The bat hits you.
* * * LOW HITPOINT WARNING * * *
The bat hits you.
* * * LOW HITPOINT WARNING * * *
The goblin hits you with an uncursed dagger.
You die...

. . #. ....# .. #..... ..
#...# .## #...# ..
#.###...########.#
........b.wg..(#.#.####.
........)@ggg..g<>......
.........g.gg.g......###.
#.###...#####g#..#..#
#...# #.#.(...# #...#
#.##...g.# ########..#
#.# ###.g#
..........#####?# ..
#..#..#.......##..
.......†..<.##.####


You could see a worm, Robin, 2 hobgoblins, 7 goblins and a bat.

Vanquished Creatures
  A worm (D:2)
  2 giant geckos
  An ooze (D:1)
  7 bats
  7 hobgoblins (D:1)
  A giant newt (D:1)
  8 goblins
  3 kobolds (D:1)
  4 rats (D:1)
34 creatures vanquished.

Notes
Turn   | Place    | Note
--------------------------------------------------------------
     0 | D:1      | vatarom, the Draconian Conjurer, began the quest for the Orb.
     0 | D:1      | Reached XP level 1. HP: 14/14 MP: 3/3
   384 | D:1      | Reached XP level 2. HP: 20/20 MP: 1/5
   649 | D:1      | Learned a level 2 spell: Searing Ray
  1139 | D:1      | Reached XP level 3. HP: 26/26 MP: 8/8
  1144 | D:1      | Learned a level 3 spell: Dazzling Spray
  1672 | D:2      | Noticed Robin
  1685 | D:2      | Slain by a goblin

Action                   || total
-------------------------++-------
Melee: Dagger            ||    67
       Unarmed           ||     4
       Whip              ||    24
 Cast: Magic Dart        ||    31
       Searing Ray       ||     2
  Use: Scroll            ||     4
       Potion            ||     1
  Eat: Bread ration      ||     1
